[ AOE2 MATCH · #476080032 ]
UnrankedBurgundians vs Franks
[ REPLAY ANALYSIS · EXTRACTED FROM THE RECORDED GAME ]
Feudal
12:04
Castle
15:40
Imperial
—
| APM avg | 16.8 |
| APM peak | 35 |
| eAPM avg | 9.7 |
| Villagers / military | 62 / 13 |
Focus
⚔️ 18.6% · 🌾 81.4%
Coustillier ×10 · Mangonel ×2 · Monk ×1
Feudal
9:19
Castle
20:34
Imperial
—
| APM avg | 45.3 |
| APM peak | 106 |
| eAPM avg | 18.4 |
| Villagers / military | 109 / 68 |
Focus
⚔️ 23.3% · 🌾 76.7%
Knight ×59 · Scout Cavalry ×9
Feudal
10:19
Castle
30:36
Imperial
—
| APM avg | 18.6 |
| APM peak | 44 |
| eAPM avg | 10.9 |
| Villagers / military | 46 / 23 |
Focus
⚔️ 21.3% · 🌾 78.7%
Archer ×17 · Spearman ×6
Feudal
9:29
Castle
—
Imperial
—
| APM avg | 21.8 |
| APM peak | 51 |
| eAPM avg | 11.6 |
| Villagers / military | 65 / 14 |
Focus
⚔️ 25.9% · 🌾 74.1%
Battering Ram ×14
Feudal
10:59
Castle
18:49
Imperial
—
| APM avg | 37.5 |
| APM peak | 80 |
| eAPM avg | 22.0 |
| Villagers / military | 98 / 17 |
Focus
⚔️ 26.9% · 🌾 73.1%
Spearman ×7 · Monk ×4 · Mangonel ×4 · Archer ×2
Feudal
11:30
Castle
15:02
Imperial
27:34
| APM avg | 34.5 |
| APM peak | 88 |
| eAPM avg | 19.5 |
| Villagers / military | 135 / 99 |
Focus
⚔️ 22.9% · 🌾 77.1%
Knight ×96 · Battering Ram ×2 · Monk ×1
Feudal
9:41
Castle
—
Imperial
—
| APM avg | 27.8 |
| APM peak | 95 |
| eAPM avg | 16.5 |
| Villagers / military | 53 / 17 |
Focus
⚔️ 37.6% · 🌾 62.4%
Battering Ram ×17
Feudal
10:44
Castle
15:03
Imperial
—
| APM avg | 30.1 |
| APM peak | 65 |
| eAPM avg | 11.7 |
| Villagers / military | 68 / 44 |
Focus
⚔️ 22.3% · 🌾 77.7%
Knight ×44
Match map
Initial resources + every placement click. Lines = walls · curves = elevation contours. ◆ gold · ⬟ stone · ● berries · ✦ relic · ◌ wall gap
Your base· ✓ Closed at 15:40 · 0t walls · 2 gate(s)
Maji's base· ✓ Closed at 20:34 · 0t walls · 2 gate(s)
PJtheDcoy's base· ✓ Closed at 30:36 · 9t walls · 2 gate(s)
Dr. Delta's base· ✓ Closed at 12:00 · 0t walls · 2 gate(s)
Quando's base· ✓ Closed at 18:49 · 20t walls · 2 gate(s)
Wendysocute's base· ✓ Closed at 15:02 · 0t walls · 2 gate(s)
Der Genosse's base· ✓ Closed at 12:00 · 2t walls · 3 gate(s)
Fr4ggi's base· ✓ Closed at 15:03 · 0t walls · 2 gate(s)
Smoothed initial terrain · ◌ = detected wall gap · hover for details
Inputs per minute
— Relief - - Maji
Build order — Relief
140 actions detected in the replay
| 0:01 | Queue | Villager (Male) |
| 0:01 | Queue | Villager (Male) |
| 0:05 | Build | House |
| 0:07 | Build | House |
| 0:28 | Queue | Villager (Male) |
| 0:29 | Queue | Villager (Male) |
| 1:31 | Queue | Villager (Male) |
| 1:53 | Queue | Villager (Male) |
| 2:12 | Build | Lumber Camp |
| 2:28 | Queue | Villager (Male) |
| 2:40 | Queue | Villager (Male) |
| 2:55 | Queue | Villager (Male) |
| 3:24 | Queue | Villager (Male) |
| 4:03 | Queue | Villager (Male) |
| 4:10 | Build | House |
| 4:26 | Build | Mill |
| 4:28 | Queue | Villager (Male) |
| 4:44 | Build | House |
| 5:05 | Queue | Villager (Male) |
| 5:06 | Queue | Villager (Male) |
| 5:26 | Queue | Villager (Male) |
| 5:59 | Queue | Villager (Male) |
| 6:16 | Queue | Villager (Male) |
| 6:43 | Build | Farm |
| 6:46 | Build | Farm |
| 6:55 | Queue | Villager (Male) |
| 7:10 | Queue | Villager (Male) |
| 7:18 | Build | House |
| 7:30 | Queue | Villager (Male) |
| 7:47 | Build | Mining Camp |
| 7:48 | Queue | Villager (Male) |
| 7:49 | Queue | Villager (Male) |
| 8:11 | Queue | Villager (Male) |
| 9:00 | Build | Farm |
| 9:54 | Research | Feudal Age |
| 10:09 | Build | Mining Camp |
| 10:39 | Queue | Villager (Male) |
| 10:39 | Queue | Villager (Male) |
| 11:09 | Research | Double-Bit Axe |
| 11:13 | Research | Horse Collar |
| 12:04 | Age | Feudal Age |
| 12:10 | Build | Market |
| 12:23 | Build | Blacksmith |
| 12:40 | Build | House |
| 13:01 | Research | Castle Age |
| 13:58 | Queue | Villager (Male) |
| 15:16 | Queue | Villager (Male) |
| 15:40 | Age | Castle Age |
| 15:50 | Queue | Villager (Male) |
| 16:24 | Queue | Villager (Male) |
| 16:26 | Research | Loom |
| 16:30 | Queue | Villager (Male) |
| 16:30 | Queue | Villager (Male) |
| 16:50 | Build | Castle |
| 17:27 | Queue | Villager (Male) |
| 17:33 | Build | Town Center |
| 17:44 | Build | Town Center |
| 17:47 | Queue | Villager (Male) |
| 17:49 | Queue | Villager (Male) |
| 17:58 | Research | Fletching |
| 18:10 | Queue | Coustillier |
| 18:10 | Queue | Coustillier |
| 18:29 | Queue | Coustillier |
| 18:51 | Build | Mining Camp |
| 18:54 | Queue | Coustillier |
| 19:46 | Build | Barracks |
| 19:48 | Build | House |
| 19:49 | Build | House |
| 19:58 | Build | Monastery |
| 20:01 | Build | Farm |
| 20:03 | Build | Farm |
| 20:19 | Queue | Villager (Male) |
| 20:19 | Queue | Villager (Male) |
| 20:20 | Queue | Villager (Male) |
| 20:20 | Queue | Villager (Male) |
| 20:44 | Build | Farm |
| 20:51 | Queue | Villager (Male) |
| 20:51 | Queue | Villager (Male) |
| 21:08 | Build | Farm |
| 21:10 | Queue | Villager (Male) |
| 21:10 | Queue | Villager (Male) |
| 21:13 | Build | House |
| 21:58 | Build | House |
| 22:06 | Build | Siege Workshop |
| 22:07 | Queue | Villager (Male) |
| 22:10 | Build | Farm |
| 22:11 | Build | Farm |
| 22:18 | Queue | Villager (Male) |
| 22:18 | Queue | Villager (Male) |
| 22:19 | Queue | Villager (Male) |
| 22:36 | Build | House |
| 22:40 | Queue | Mangonel |
| 22:52 | Build | Mill |
| 22:53 | Queue | Villager (Male) |
| 23:10 | Queue | Villager (Male) |
| 23:19 | Queue | Mangonel |
| 23:37 | Queue | Villager (Male) |
| 23:38 | Queue | Villager (Male) |
| 24:13 | Build | Farm |
| 24:14 | Build | Farm |
| 24:25 | Queue | Coustillier |
| 24:25 | Queue | Coustillier |
| 26:27 | Queue | Villager (Male) |
| 26:27 | Queue | Villager (Male) |
| 27:02 | Queue | Villager (Male) |
| 27:02 | Queue | Villager (Male) |
| 27:21 | Queue | Coustillier |
| 27:22 | Queue | Coustillier |
| 28:16 | Build | Gate |
| 28:23 | Build | University |
| 28:55 | Queue | Coustillier |
| 29:14 | Build | Stable |
| 30:01 | Queue | Villager (Male) |
| 30:01 | Queue | Villager (Male) |
| 30:49 | Build | Castle |
| 30:51 | Research | Husbandry |
| 31:02 | Build | Lumber Camp |
| 31:06 | Build | Farm |
| 31:10 | Research | Fortified Wall (upgrade) |
| 31:12 | Build | Farm |
| 31:17 | Build | Farm |
| 31:23 | Queue | Monk |
| 31:42 | Research | Murder Holes |
| 31:43 | Research | Masonry |
| 31:50 | Queue | Coustillier |
| 32:15 | Queue | Villager (Male) |
| 32:15 | Queue | Villager (Male) |
| 32:15 | Queue | Villager (Male) |
| 32:16 | Queue | Villager (Male) |
| 32:32 | Queue | Villager (Male) |
| 32:33 | Queue | Villager (Male) |
| 32:37 | Research | Bow Saw |
| 32:43 | Research | Heavy Plow |
| 32:50 | Build | Farm |
| 32:56 | Build | Lumber Camp |
| 33:07 | Build | Mill |
| 33:08 | Build | Farm |
| 33:09 | Build | Farm |
| 33:10 | Build | Farm |
| 33:10 | Build | Farm |
Build order — Maji
First 150 of 265 actions detected
| 0:01 | Queue | Villager (Male) |
| 0:02 | Queue | Villager (Male) |
| 0:02 | Queue | Villager (Male) |
| 0:03 | Build | House |
| 0:05 | Build | House |
| 0:27 | Queue | Villager (Male) |
| 1:39 | Queue | Villager (Male) |
| 1:39 | Queue | Villager (Male) |
| 2:00 | Build | Lumber Camp |
| 2:06 | Queue | Villager (Male) |
| 2:06 | Queue | Villager (Male) |
| 2:30 | Queue | Villager (Male) |
| 2:30 | Queue | Villager (Male) |
| 2:31 | Queue | Villager (Male) |
| 3:02 | Queue | Villager (Male) |
| 3:02 | Queue | Villager (Male) |
| 3:29 | Queue | Villager (Male) |
| 3:29 | Queue | Villager (Male) |
| 3:52 | Build | House |
| 3:58 | Queue | Villager (Male) |
| 3:59 | Queue | Villager (Male) |
| 3:59 | Queue | Villager (Male) |
| 4:22 | Queue | Villager (Male) |
| 4:22 | Queue | Villager (Male) |
| 4:39 | Build | Mill |
| 4:41 | Queue | Villager (Male) |
| 4:42 | Queue | Villager (Male) |
| 4:55 | Queue | Villager (Male) |
| 5:41 | Queue | Villager (Male) |
| 5:52 | Queue | Villager (Male) |
| 6:08 | Build | House |
| 6:37 | Research | Loom |
| 7:09 | Research | Feudal Age |
| 8:04 | Build | Barracks |
| 8:43 | Queue | Villager (Male) |
| 8:43 | Queue | Villager (Male) |
| 8:59 | Build | Lumber Camp |
| 9:19 | Age | Feudal Age |
| 9:25 | Build | Stable |
| 10:01 | Queue | Villager (Male) |
| 10:12 | Research | Double-Bit Axe |
| 10:14 | Queue | Villager (Male) |
| 10:23 | Build | House |
| 10:25 | Queue | Scout Cavalry |
| 10:26 | Queue | Scout Cavalry |
| 10:26 | Queue | Scout Cavalry |
| 10:48 | Build | Farm |
| 10:51 | Queue | Villager (Male) |
| 10:54 | Build | House |
| 10:57 | Queue | Scout Cavalry |
| 11:05 | Queue | Villager (Male) |
| 11:22 | Queue | Villager (Male) |
| 11:25 | Build | Farm |
| 11:28 | Build | Farm |
| 11:35 | Queue | Scout Cavalry |
| 11:53 | Build | Farm |
| 11:55 | Queue | Villager (Male) |
| 12:12 | Build | Farm |
| 12:16 | Queue | Villager (Male) |
| 12:18 | Build | Farm |
| 12:39 | Queue | Scout Cavalry |
| 12:49 | Queue | Villager (Male) |
| 12:54 | Build | Mining Camp |
| 13:10 | Build | House |
| 13:11 | Build | House |
| 14:03 | Queue | Villager (Male) |
| 14:12 | Queue | Villager (Male) |
| 14:44 | Queue | Villager (Male) |
| 14:56 | Queue | Villager (Male) |
| 15:00 | Build | Farm |
| 15:00 | Build | Farm |
| 15:00 | Build | Farm |
| 15:00 | Build | Farm |
| 15:00 | Build | Farm |
| 15:01 | Build | Farm |
| 15:01 | Build | Farm |
| 15:01 | Build | Farm |
| 15:04 | Queue | Villager (Male) |
| 15:07 | Build | House |
| 15:21 | Queue | Villager (Male) |
| 15:41 | Queue | Villager (Male) |
| 15:47 | Build | Farm |
| 15:47 | Build | Farm |
| 15:47 | Build | Farm |
| 15:47 | Build | Farm |
| 15:47 | Build | Farm |
| 15:48 | Build | Farm |
| 15:51 | Queue | Villager (Male) |
| 15:58 | Queue | Scout Cavalry |
| 15:58 | Queue | Scout Cavalry |
| 15:58 | Queue | Scout Cavalry |
| 16:05 | Queue | Villager (Male) |
| 16:11 | Build | Farm |
| 16:51 | Build | Blacksmith |
| 17:29 | Build | Stable |
| 17:44 | Research | Castle Age |
| 18:05 | Build | House |
| 18:07 | Build | Farm |
| 18:43 | Build | Farm |
| 18:48 | Build | House |
| 18:51 | Research | Forging |
| 19:45 | Build | Farm |
| 19:50 | Queue | Villager (Male) |
| 19:54 | Research | Gold Mining |
| 20:34 | Age | Castle Age |
| 20:40 | Queue | Knight |
| 20:40 | Queue | Knight |
| 20:41 | Queue | Knight |
| 20:41 | Queue | Knight |
| 20:41 | Queue | Knight |
| 20:53 | Queue | Villager (Male) |
| 21:01 | Build | Town Center |
| 21:04 | Queue | Villager (Male) |
| 21:07 | Research | Iron Casting |
| 21:09 | Queue | Villager (Male) |
| 21:16 | Queue | Knight |
| 21:16 | Queue | Knight |
| 21:17 | Queue | Knight |
| 21:56 | Queue | Villager (Male) |
| 22:00 | Queue | Knight |
| 22:00 | Queue | Knight |
| 22:00 | Queue | Knight |
| 22:18 | Build | Town Center |
| 22:19 | Queue | Villager (Male) |
| 22:24 | Research | Scale Barding Armor |
| 22:27 | Queue | Knight |
| 22:27 | Queue | Knight |
| 22:35 | Queue | Knight |
| 22:35 | Queue | Knight |
| 22:35 | Queue | Knight |
| 22:37 | Queue | Villager (Male) |
| 23:07 | Build | House |
| 23:08 | Build | House |
| 23:13 | Queue | Knight |
| 23:14 | Queue | Knight |
| 23:20 | Queue | Villager (Male) |
| 23:28 | Queue | Villager (Male) |
| 23:31 | Queue | Knight |
| 23:31 | Queue | Knight |
| 23:37 | Queue | Knight |
| 23:37 | Queue | Knight |
| 24:11 | Queue | Knight |
| 24:11 | Queue | Knight |
| 24:12 | Queue | Knight |
| 24:24 | Build | Farm |
| 24:26 | Build | Farm |
| 24:28 | Build | Farm |
| 24:30 | Build | Farm |
| 24:33 | Build | Farm |
| 24:34 | Queue | Villager (Male) |
Build order — PJtheDcoy
132 actions detected in the replay
| 0:00 | Queue | Villager (Male) |
| 0:01 | Queue | Villager (Male) |
| 0:01 | Queue | Villager (Male) |
| 0:01 | Queue | Villager (Male) |
| 0:02 | Build | House |
| 0:04 | Build | House |
| 1:36 | Queue | Villager (Male) |
| 1:46 | Build | Lumber Camp |
| 1:49 | Queue | Villager (Male) |
| 2:24 | Queue | Villager (Male) |
| 2:56 | Queue | Villager (Male) |
| 3:12 | Queue | Villager (Male) |
| 3:35 | Build | House |
| 3:44 | Research | Loom |
| 3:46 | Queue | Villager (Male) |
| 4:09 | Queue | Villager (Male) |
| 4:28 | Queue | Villager (Male) |
| 4:43 | Queue | Villager (Male) |
| 5:20 | Queue | Villager (Male) |
| 5:53 | Queue | Villager (Male) |
| 5:53 | Queue | Villager (Male) |
| 6:02 | Build | Mill |
| 6:19 | Build | House |
| 6:46 | Queue | Villager (Male) |
| 7:27 | Build | Mining Camp |
| 7:34 | Build | Barracks |
| 7:44 | Queue | Villager (Male) |
| 7:57 | Build | House |
| 8:08 | Research | Feudal Age |
| 8:55 | Build | House |
| 9:05 | Build | House |
| 9:11 | Queue | Villager (Male) |
| 9:12 | Queue | Villager (Male) |
| 9:31 | Build | House |
| 9:32 | Build | House |
| 9:37 | Build | House |
| 10:00 | Build | House |
| 10:03 | Build | House |
| 10:13 | Build | Mining Camp |
| 10:19 | Age | Feudal Age |
| 10:31 | Build | Archery Range |
| 11:04 | Queue | Villager (Male) |
| 11:04 | Queue | Villager (Male) |
| 11:16 | Queue | Villager (Male) |
| 11:17 | Research | Double-Bit Axe |
| 11:19 | Queue | Archer |
| 11:19 | Queue | Archer |
| 12:01 | Queue | Archer |
| 12:26 | Queue | Villager (Male) |
| 12:31 | Build | Archery Range |
| 12:36 | Queue | Villager (Male) |
| 12:41 | Queue | Archer |
| 12:43 | Queue | Spearman |
| 13:33 | Queue | Archer |
| 13:34 | Queue | Archer |
| 13:35 | Queue | Archer |
| 13:35 | Queue | Archer |
| 13:41 | Queue | Villager (Male) |
| 13:41 | Queue | Villager (Male) |
| 14:01 | Queue | Villager (Male) |
| 14:37 | Queue | Archer |
| 14:37 | Queue | Archer |
| 14:53 | Queue | Archer |
| 14:58 | Build | Barracks |
| 15:10 | Build | Blacksmith |
| 15:26 | Queue | Villager (Male) |
| 15:47 | Queue | Villager (Male) |
| 15:47 | Queue | Villager (Male) |
| 16:30 | Build | Town Center |
| 16:39 | Research | Fletching |
| 17:47 | Build | Farm |
| 17:48 | Build | Farm |
| 17:49 | Build | Farm |
| 17:50 | Build | Farm |
| 17:53 | Build | Farm |
| 17:54 | Build | Farm |
| 18:28 | Build | House |
| 18:29 | Build | Palisade Wall |
| 18:36 | Build | Palisade Wall |
| 18:40 | Build | Palisade Wall |
| 18:52 | Queue | Villager (Male) |
| 19:16 | Queue | Villager (Male) |
| 19:31 | Queue | Archer |
| 19:31 | Queue | Archer |
| 19:46 | Queue | Villager (Male) |
| 19:51 | Build | Farm |
| 20:22 | Research | Padded Archer Armor |
| 21:02 | Queue | Villager (Male) |
| 21:02 | Queue | Villager (Male) |
| 21:24 | Build | Farm |
| 21:24 | Build | Farm |
| 21:28 | Queue | Villager (Male) |
| 21:31 | Build | Farm |
| 21:35 | Queue | Villager (Male) |
| 21:37 | Queue | Archer |
| 21:37 | Queue | Archer |
| 21:38 | Queue | Archer |
| 21:38 | Queue | Archer |
| 22:23 | Queue | Villager (Male) |
| 22:23 | Queue | Villager (Male) |
| 22:53 | Research | Wheelbarrow |
| 22:57 | Build | House |
| 23:00 | Build | House |
| 23:31 | Research | Horse Collar |
| 23:36 | Queue | Villager (Male) |
| 23:37 | Queue | Villager (Male) |
| 24:45 | Build | Farm |
| 24:46 | Build | Farm |
| 24:48 | Build | Farm |
| 24:52 | Build | Farm |
| 25:00 | Queue | Villager (Male) |
| 25:00 | Queue | Villager (Male) |
| 26:25 | Queue | Villager (Male) |
| 26:25 | Queue | Villager (Male) |
| 26:29 | Build | House |
| 26:58 | Build | House |
| 27:15 | Build | House |
| 27:33 | Build | House |
| 27:56 | Research | Castle Age |
| 28:22 | Build | Barracks |
| 28:32 | Queue | Spearman ×5 |
| 29:49 | Build | House |
| 29:50 | Build | House |
| 30:36 | Age | Castle Age |
| 30:51 | Research | Pikeman (upgrade) |
| 30:54 | Research | Crossbowman (upgrade) |
| 31:39 | Build | Blacksmith |
| 31:40 | Build | House |
| 31:52 | Build | Mill |
| 31:53 | Build | Farm |
| 31:53 | Build | Farm |
| 31:56 | Build | Farm |
Build order — Dr. Delta
133 actions detected in the replay
| 0:01 | Queue | Villager (Male) |
| 0:01 | Queue | Villager (Male) |
| 0:01 | Queue | Villager (Male) |
| 0:02 | Queue | Villager (Male) |
| 0:02 | Build | House |
| 0:05 | Build | House |
| 1:45 | Queue | Villager (Male) |
| 2:19 | Queue | Villager (Male) |
| 2:21 | Build | Lumber Camp |
| 2:39 | Queue | Villager (Male) |
| 2:39 | Queue | Villager (Male) |
| 2:52 | Queue | Villager (Male) |
| 3:19 | Build | House |
| 3:58 | Queue | Villager (Male) |
| 4:16 | Queue | Villager (Male) |
| 4:35 | Queue | Villager (Male) |
| 4:57 | Build | Mining Camp |
| 5:03 | Queue | Villager (Male) |
| 5:12 | Queue | Villager (Male) |
| 5:22 | Build | House |
| 5:47 | Queue | Villager (Male) |
| 5:48 | Queue | Villager (Male) |
| 6:05 | Research | Loom |
| 7:00 | Build | Mining Camp |
| 7:17 | Research | Feudal Age |
| 8:33 | Queue | Villager (Male) |
| 8:33 | Queue | Villager (Male) |
| 9:28 | Build | House |
| 9:29 | Age | Feudal Age |
| 9:35 | Build | Watch Tower |
| 9:41 | Build | Watch Tower |
| 9:54 | Build | Blacksmith |
| 9:58 | Queue | Villager (Male) |
| 10:40 | Build | Siege Workshop |
| 10:40 | Queue | Villager (Male) |
| 11:11 | Queue | Villager (Male) |
| 11:15 | Queue | Battering Ram |
| 12:07 | Queue | Villager (Male) |
| 12:11 | Research | Fletching |
| 12:48 | Build | Watch Tower |
| 12:52 | Queue | Battering Ram |
| 13:32 | Build | Watch Tower |
| 13:37 | Build | Watch Tower |
| 13:44 | Queue | Villager (Male) |
| 13:46 | Queue | Villager (Male) |
| 14:10 | Queue | Villager (Male) |
| 14:21 | Queue | Battering Ram |
| 14:21 | Queue | Battering Ram |
| 14:47 | Build | Watch Tower |
| 15:45 | Queue | Battering Ram |
| 15:52 | Build | House |
| 16:37 | Build | Watch Tower |
| 17:07 | Queue | Villager (Male) |
| 17:07 | Queue | Villager (Male) |
| 17:41 | Queue | Battering Ram |
| 17:56 | Queue | Villager (Male) |
| 17:56 | Queue | Villager (Male) |
| 17:58 | Build | Mill |
| 18:44 | Build | Lumber Camp |
| 19:01 | Queue | Villager (Male) |
| 19:01 | Queue | Villager (Male) |
| 19:20 | Build | Watch Tower |
| 19:25 | Build | Watch Tower |
| 19:36 | Queue | Villager (Male) |
| 19:37 | Queue | Villager (Male) |
| 20:21 | Queue | Villager (Male) |
| 20:21 | Queue | Villager (Male) |
| 20:28 | Build | House |
| 20:29 | Build | House |
| 20:55 | Build | Watch Tower |
| 21:15 | Build | House |
| 21:20 | Queue | Villager (Male) |
| 21:22 | Build | Farm |
| 21:22 | Build | Farm |
| 21:22 | Build | Farm |
| 21:22 | Build | Farm |
| 21:25 | Queue | Villager (Male) |
| 21:25 | Queue | Villager (Male) |
| 22:05 | Build | Farm |
| 22:06 | Queue | Villager (Male) |
| 22:21 | Build | Watch Tower |
| 22:37 | Queue | Battering Ram |
| 22:47 | Queue | Villager (Male) |
| 23:00 | Build | Lumber Camp |
| 23:06 | Build | Mining Camp |
| 23:25 | Queue | Villager (Male) |
| 23:25 | Queue | Villager (Male) |
| 23:30 | Research | Double-Bit Axe |
| 23:44 | Queue | Battering Ram |
| 24:22 | Queue | Battering Ram |
| 24:27 | Build | Farm |
| 24:31 | Queue | Villager (Male) |
| 24:32 | Queue | Villager (Male) |
| 24:32 | Queue | Villager (Male) |
| 25:47 | Queue | Villager (Male) |
| 25:49 | Queue | Villager (Male) |
| 25:51 | Queue | Battering Ram |
| 26:27 | Queue | Villager (Male) |
| 26:58 | Build | Watch Tower |
| 27:03 | Queue | Villager (Male) |
| 27:03 | Queue | Villager (Male) |
| 27:06 | Build | Lumber Camp |
| 27:17 | Queue | Battering Ram |
| 27:48 | Build | Watch Tower |
| 28:00 | Queue | Villager (Male) |
| 28:01 | Queue | Villager (Male) |
| 28:16 | Queue | Villager (Male) |
| 28:16 | Queue | Villager (Male) |
| 28:19 | Build | House |
| 28:22 | Build | Lumber Camp |
| 28:50 | Build | Watch Tower |
| 28:58 | Queue | Battering Ram |
| 29:04 | Queue | Villager (Male) |
| 29:04 | Queue | Villager (Male) |
| 29:08 | Build | Mining Camp |
| 29:13 | Build | Mining Camp |
| 29:14 | Queue | Villager (Male) |
| 29:14 | Queue | Villager (Male) |
| 30:49 | Queue | Battering Ram |
| 31:13 | Build | Mining Camp |
| 31:14 | Queue | Villager (Male) |
| 31:14 | Queue | Villager (Male) |
| 31:15 | Queue | Villager (Male) |
| 31:19 | Queue | Villager (Male) |
| 31:19 | Queue | Villager (Male) |
| 31:36 | Build | House |
| 31:37 | Build | House |
| 32:18 | Build | Watch Tower |
| 32:24 | Build | Watch Tower |
| 32:31 | Queue | Battering Ram |
| 32:57 | Queue | Villager (Male) |
| 32:57 | Queue | Villager (Male) |
| 33:04 | Build | Lumber Camp |
Build order — Quando
First 150 of 224 actions detected
| 0:00 | Research | Loom |
| 0:02 | Build | House |
| 0:05 | Build | House |
| 0:08 | Queue | Villager (Male) |
| 0:09 | Queue | Villager (Male) |
| 0:49 | Queue | Villager (Male) |
| 1:35 | Queue | Villager (Male) |
| 1:47 | Queue | Villager (Male) |
| 1:49 | Build | Lumber Camp |
| 2:34 | Queue | Villager (Male) |
| 2:35 | Queue | Villager (Male) |
| 3:23 | Queue | Villager (Male) |
| 3:45 | Queue | Villager (Male) |
| 3:50 | Queue | Villager (Male) |
| 4:01 | Queue | Villager (Male) |
| 4:06 | Build | House |
| 4:57 | Queue | Villager (Male) |
| 4:57 | Queue | Villager (Male) |
| 5:04 | Queue | Villager (Male) |
| 5:16 | Queue | Villager (Male) |
| 5:40 | Build | Mill |
| 6:09 | Build | House |
| 6:10 | Build | House |
| 6:19 | Queue | Villager (Male) |
| 6:49 | Queue | Villager (Male) |
| 7:19 | Queue | Villager (Male) |
| 7:19 | Queue | Villager (Male) |
| 7:38 | Queue | Villager (Male) |
| 8:01 | Build | Farm |
| 8:03 | Build | Farm |
| 8:10 | Build | Mining Camp |
| 8:18 | Research | Feudal Age |
| 9:37 | Build | Palisade Wall |
| 9:41 | Build | Palisade Wall |
| 10:48 | Queue | Villager (Male) |
| 10:59 | Age | Feudal Age |
| 11:06 | Build | Watch Tower |
| 11:19 | Build | Palisade Wall |
| 11:22 | Build | Palisade Wall |
| 11:23 | Build | Palisade Wall |
| 11:24 | Build | Palisade Wall |
| 11:28 | Queue | Villager (Male) |
| 11:31 | Queue | Villager (Male) |
| 11:35 | Build | Market |
| 11:37 | Build | Blacksmith |
| 12:03 | Build | House |
| 12:10 | Queue | Villager (Male) |
| 12:15 | Build | Farm |
| 12:16 | Queue | Villager (Male) |
| 12:26 | Build | Mining Camp |
| 12:30 | Research | Fletching |
| 12:40 | Build | Stone Wall |
| 12:52 | Build | Stone Wall |
| 12:54 | Build | Stone Wall |
| 13:10 | Queue | Villager (Male) |
| 13:21 | Build | Farm |
| 13:31 | Queue | Villager (Male) |
| 13:35 | Queue | Villager (Male) |
| 13:47 | Build | House |
| 13:54 | Build | House |
| 14:00 | Build | House |
| 14:02 | Queue | Villager (Male) |
| 14:39 | Build | Watch Tower |
| 14:44 | Build | House |
| 14:52 | Queue | Villager (Male) |
| 14:56 | Build | House |
| 14:59 | Build | House |
| 15:01 | Build | House |
| 15:06 | Queue | Villager (Male) |
| 15:31 | Queue | Villager (Male) |
| 15:37 | Build | Farm |
| 15:52 | Build | Palisade Wall |
| 15:56 | Build | Palisade Wall |
| 16:00 | Build | Palisade Wall |
| 16:09 | Research | Castle Age |
| 16:26 | Build | Farm |
| 16:36 | Build | House |
| 16:46 | Queue | Villager (Male) |
| 17:10 | Build | Farm |
| 17:11 | Build | Farm |
| 17:19 | Queue | Villager (Male) |
| 17:22 | Queue | Villager (Male) |
| 17:30 | Build | Barracks |
| 17:36 | Build | House |
| 17:37 | Build | House |
| 17:45 | Research | Double-Bit Axe |
| 18:03 | Build | Farm |
| 18:14 | Build | House |
| 18:49 | Age | Castle Age |
| 18:52 | Build | Siege Workshop |
| 19:27 | Queue | Mangonel |
| 19:44 | Build | Town Center |
| 20:25 | Build | House |
| 20:40 | Queue | Villager (Male) |
| 20:40 | Queue | Villager (Male) |
| 21:04 | Build | Farm |
| 21:11 | Queue | Villager (Male) |
| 21:11 | Queue | Villager (Male) |
| 21:24 | Queue | Mangonel |
| 21:31 | Queue | Villager (Male) |
| 21:53 | Build | Town Center |
| 21:54 | Queue | Villager (Male) |
| 21:55 | Queue | Villager (Male) |
| 22:07 | Build | House |
| 22:34 | Queue | Villager (Male) |
| 22:46 | Queue | Mangonel |
| 23:03 | Queue | Villager (Male) |
| 23:24 | Queue | Villager (Male) |
| 23:52 | Build | Farm |
| 23:52 | Build | Farm |
| 23:53 | Build | Farm |
| 23:55 | Build | Farm |
| 24:33 | Build | Farm |
| 24:33 | Build | Farm |
| 24:33 | Build | Farm |
| 24:34 | Build | Farm |
| 25:22 | Queue | Villager (Male) |
| 25:22 | Queue | Villager (Male) |
| 25:37 | Build | Town Center |
| 25:40 | Queue | Villager (Male) |
| 25:50 | Queue | Villager (Male) |
| 26:03 | Build | Farm |
| 26:04 | Build | Farm |
| 26:05 | Build | Farm |
| 26:06 | Build | Farm |
| 26:10 | Queue | Villager (Male) |
| 26:24 | Build | Farm |
| 26:36 | Build | House |
| 26:37 | Queue | Villager (Male) |
| 26:38 | Queue | Villager (Male) |
| 26:45 | Queue | Villager (Male) |
| 27:04 | Queue | Mangonel |
| 27:10 | Build | Mill |
| 27:11 | Build | Farm |
| 27:11 | Build | Farm |
| 27:12 | Build | Farm |
| 27:13 | Build | Farm |
| 27:15 | Queue | Villager (Male) |
| 27:15 | Queue | Villager (Male) |
| 27:16 | Queue | Villager (Male) |
| 27:19 | Build | House |
| 27:20 | Build | House |
| 27:21 | Build | House |
| 27:31 | Queue | Villager (Male) |
| 27:45 | Build | Archery Range |
| 27:48 | Queue | Villager (Male) |
| 27:52 | Queue | Villager (Male) |
| 27:58 | Queue | Villager (Male) |
| 28:07 | Build | Farm |
| 28:16 | Queue | Villager (Male) |
Build order — Wendysocute
First 150 of 319 actions detected
| 0:03 | Queue | Villager (Male) |
| 0:04 | Queue | Villager (Male) |
| 0:04 | Queue | Villager (Male) |
| 0:05 | Build | House |
| 0:07 | Build | House |
| 0:21 | Queue | Villager (Male) |
| 0:21 | Queue | Villager (Male) |
| 1:28 | Queue | Villager (Male) |
| 1:28 | Queue | Villager (Male) |
| 1:51 | Build | Lumber Camp |
| 1:54 | Queue | Villager (Male) |
| 2:16 | Queue | Villager (Male) |
| 2:16 | Queue | Villager (Male) |
| 2:48 | Queue | Villager (Male) |
| 3:17 | Queue | Villager (Male) |
| 3:17 | Queue | Villager (Male) |
| 3:35 | Queue | Villager (Male) |
| 3:56 | Build | House |
| 3:57 | Build | House |
| 4:20 | Queue | Villager (Male) |
| 4:20 | Queue | Villager (Male) |
| 4:21 | Queue | Villager (Male) |
| 4:54 | Build | House |
| 4:58 | Queue | Villager (Male) |
| 4:58 | Queue | Villager (Male) |
| 4:58 | Queue | Villager (Male) |
| 5:25 | Queue | Villager (Male) |
| 5:25 | Queue | Villager (Male) |
| 5:32 | Build | Mining Camp |
| 5:39 | Queue | Villager (Male) |
| 6:04 | Queue | Villager (Male) |
| 6:04 | Queue | Villager (Male) |
| 6:37 | Queue | Villager (Male) |
| 6:39 | Queue | Villager (Male) |
| 6:44 | Queue | Villager (Male) |
| 6:56 | Build | Mill |
| 6:59 | Queue | Villager (Male) |
| 7:04 | Queue | Villager (Male) |
| 9:04 | Research | Feudal Age |
| 9:37 | Queue | Villager (Male) |
| 9:40 | Queue | Villager (Male) |
| 10:42 | Build | Farm |
| 10:46 | Build | Farm |
| 11:30 | Age | Feudal Age |
| 11:32 | Build | Market |
| 11:33 | Build | Blacksmith |
| 12:22 | Research | Castle Age |
| 12:22 | Research | Castle Age |
| 12:26 | Build | Farm |
| 12:28 | Build | Farm |
| 12:29 | Build | Farm |
| 12:31 | Research | Double-Bit Axe |
| 12:51 | Build | House |
| 12:52 | Build | House |
| 12:53 | Build | House |
| 12:59 | Research | Horse Collar |
| 14:05 | Research | Wheelbarrow |
| 14:07 | Queue | Villager (Male) |
| 14:22 | Build | House |
| 15:02 | Age | Castle Age |
| 15:07 | Build | Town Center |
| 15:12 | Build | Town Center |
| 15:23 | Research | Bow Saw |
| 15:32 | Queue | Villager (Male) |
| 15:38 | Build | Farm |
| 15:40 | Build | Farm |
| 15:44 | Build | Farm |
| 15:45 | Queue | Villager (Male) |
| 16:21 | Research | Heavy Plow |
| 16:26 | Queue | Villager (Male) |
| 16:28 | Build | Farm |
| 16:41 | Build | Farm |
| 16:45 | Build | Farm |
| 16:52 | Queue | Villager (Male) |
| 16:54 | Queue | Villager (Male) |
| 16:58 | Build | Farm |
| 17:02 | Build | Farm |
| 17:12 | Build | Farm |
| 17:14 | Build | Farm |
| 17:17 | Build | Farm |
| 17:19 | Queue | Villager (Male) |
| 17:25 | Queue | Villager (Male) |
| 17:29 | Build | Farm |
| 17:31 | Build | Farm |
| 17:37 | Queue | Villager (Male) |
| 17:39 | Build | Farm |
| 17:42 | Build | Farm |
| 17:52 | Queue | Villager (Male) |
| 17:52 | Queue | Villager (Male) |
| 17:59 | Build | Farm |
| 18:00 | Build | Farm |
| 18:01 | Queue | Villager (Male) |
| 18:03 | Build | Farm |
| 18:04 | Queue | Villager (Male) |
| 18:09 | Build | Farm |
| 18:12 | Build | Farm |
| 18:15 | Queue | Villager (Male) |
| 18:21 | Build | Farm |
| 18:24 | Queue | Villager (Male) |
| 18:34 | Queue | Villager (Male) |
| 18:35 | Queue | Villager (Male) |
| 18:37 | Queue | Villager (Male) |
| 18:38 | Queue | Villager (Male) |
| 18:40 | Queue | Villager (Male) |
| 18:44 | Build | Farm |
| 18:46 | Build | Farm |
| 18:47 | Queue | Villager (Male) |
| 19:05 | Queue | Villager (Male) |
| 19:08 | Build | Farm |
| 19:10 | Build | Farm |
| 19:11 | Queue | Villager (Male) |
| 19:12 | Queue | Villager (Male) |
| 19:13 | Queue | Villager (Male) |
| 19:22 | Build | House |
| 19:23 | Build | House |
| 19:24 | Build | House |
| 19:25 | Build | House |
| 19:29 | Queue | Villager (Male) |
| 19:30 | Queue | Villager (Male) |
| 19:32 | Queue | Villager (Male) |
| 19:32 | Queue | Villager (Male) |
| 19:36 | Build | Farm |
| 19:40 | Build | Farm |
| 19:44 | Queue | Villager (Male) |
| 20:02 | Build | Monastery |
| 20:09 | Queue | Villager (Male) |
| 20:10 | Research | Gold Mining |
| 20:12 | Queue | Villager (Male) |
| 20:13 | Queue | Villager (Male) |
| 20:14 | Queue | Villager (Male) |
| 20:15 | Queue | Villager (Male) |
| 20:21 | Queue | Villager (Male) |
| 20:22 | Queue | Villager (Male) |
| 20:40 | Queue | Monk |
| 20:53 | Queue | Villager (Male) |
| 20:54 | Queue | Villager (Male) |
| 20:54 | Queue | Villager (Male) |
| 21:12 | Build | Town Center |
| 21:17 | Queue | Villager (Male) |
| 21:17 | Queue | Villager (Male) |
| 21:18 | Queue | Villager (Male) |
| 21:19 | Queue | Villager (Male) |
| 21:23 | Queue | Villager (Male) |
| 21:26 | Queue | Villager (Male) |
| 21:26 | Queue | Villager (Male) |
| 21:29 | Build | Farm |
| 21:32 | Queue | Villager (Male) |
| 21:47 | Queue | Villager (Male) |
| 21:48 | Queue | Villager (Male) |
| 21:49 | Queue | Villager (Male) |
Build order — Der Genosse
108 actions detected in the replay
| 0:04 | Queue | Villager (Male) |
| 0:04 | Queue | Villager (Male) |
| 0:04 | Queue | Villager (Male) |
| 0:04 | Queue | Villager (Male) |
| 0:05 | Queue | Villager (Male) |
| 0:05 | Build | House |
| 0:09 | Build | House |
| 1:33 | Queue | Villager (Male) |
| 1:33 | Queue | Villager (Male) |
| 2:10 | Queue | Villager (Male) |
| 2:10 | Queue | Villager (Male) |
| 2:10 | Queue | Villager (Male) |
| 2:45 | Build | House |
| 2:46 | Build | Lumber Camp |
| 3:21 | Queue | Villager (Male) |
| 3:21 | Queue | Villager (Male) |
| 3:25 | Queue | Villager (Male) |
| 3:25 | Queue | Villager (Male) |
| 3:41 | Queue | Villager (Male) |
| 3:41 | Queue | Villager (Male) |
| 3:41 | Queue | Villager (Male) |
| 4:12 | Queue | Villager (Male) |
| 4:12 | Queue | Villager (Male) |
| 4:12 | Queue | Villager (Male) |
| 5:50 | Build | Mining Camp |
| 6:09 | Queue | Villager (Male) |
| 6:42 | Research | Loom |
| 7:02 | Build | Mining Camp |
| 7:08 | Research | Feudal Age |
| 8:15 | Build | House |
| 8:24 | Build | House |
| 9:41 | Age | Feudal Age |
| 9:44 | Build | Watch Tower |
| 9:51 | Queue | Villager (Male) |
| 9:54 | Build | Blacksmith |
| 10:16 | Build | Watch Tower |
| 10:17 | Build | House |
| 10:25 | Build | Palisade Wall |
| 10:33 | Build | Palisade Wall |
| 11:03 | Queue | Villager (Male) |
| 11:04 | Queue | Villager (Male) |
| 11:04 | Queue | Villager (Male) |
| 11:25 | Build | Watch Tower |
| 11:37 | Queue | Villager (Male) |
| 11:52 | Build | Watch Tower |
| 13:40 | Build | Watch Tower |
| 13:50 | Queue | Villager (Male) |
| 13:50 | Queue | Villager (Male) |
| 13:54 | Build | Siege Workshop |
| 14:41 | Queue | Battering Ram |
| 14:41 | Queue | Battering Ram |
| 14:41 | Queue | Battering Ram |
| 14:41 | Queue | Battering Ram |
| 15:11 | Build | Watch Tower |
| 15:26 | Build | Watch Tower |
| 16:20 | Queue | Villager (Male) |
| 16:20 | Queue | Villager (Male) |
| 16:21 | Queue | Battering Ram |
| 16:21 | Queue | Battering Ram |
| 17:34 | Build | Watch Tower |
| 17:55 | Queue | Battering Ram |
| 17:55 | Queue | Battering Ram |
| 17:56 | Queue | Battering Ram |
| 18:23 | Build | Watch Tower |
| 19:16 | Queue | Villager (Male) |
| 19:16 | Queue | Villager (Male) |
| 19:41 | Research | Fletching |
| 20:09 | Build | Watch Tower |
| 21:04 | Queue | Villager (Male) |
| 21:04 | Queue | Villager (Male) |
| 21:14 | Build | Watch Tower |
| 21:26 | Queue | Battering Ram |
| 21:26 | Queue | Battering Ram |
| 21:26 | Queue | Battering Ram |
| 22:02 | Queue | Villager (Male) |
| 22:03 | Queue | Villager (Male) |
| 23:20 | Queue | Battering Ram |
| 23:20 | Queue | Battering Ram |
| 24:28 | Queue | Battering Ram |
| 24:28 | Queue | Battering Ram |
| 24:36 | Queue | Villager (Male) |
| 24:36 | Queue | Villager (Male) |
| 25:43 | Build | Town Center |
| 26:32 | Build | Mill |
| 26:36 | Queue | Villager (Male) |
| 26:37 | Queue | Villager (Male) |
| 29:06 | Build | Farm |
| 29:48 | Build | Farm |
| 29:53 | Build | Farm |
| 29:56 | Build | Farm |
| 29:57 | Queue | Villager (Male) |
| 29:57 | Queue | Villager (Male) |
| 30:32 | Queue | Villager (Male) |
| 30:32 | Queue | Villager (Male) |
| 31:11 | Build | Siege Workshop |
| 31:14 | Queue | Villager (Male) |
| 31:14 | Queue | Villager (Male) |
| 31:20 | Build | Farm |
| 31:22 | Build | Farm |
| 31:23 | Queue | Villager (Male) |
| 31:23 | Queue | Villager (Male) |
| 31:49 | Build | Siege Workshop |
| 31:55 | Queue | Villager (Male) |
| 31:55 | Queue | Villager (Male) |
| 32:36 | Queue | Villager (Male) |
| 32:51 | Queue | Battering Ram |
| 32:59 | Queue | Villager (Male) |
| 32:59 | Queue | Villager (Male) |
Build order — Fr4ggi
First 150 of 189 actions detected
| 0:03 | Queue | Villager (Male) |
| 0:05 | Build | House |
| 0:07 | Build | House |
| 0:36 | Queue | Villager (Male) |
| 0:37 | Queue | Villager (Male) |
| 0:58 | Queue | Villager (Male) |
| 1:26 | Queue | Villager (Male) |
| 1:34 | Queue | Villager (Male) |
| 1:52 | Build | Lumber Camp |
| 2:02 | Queue | Villager (Male) |
| 2:42 | Queue | Villager (Male) |
| 3:23 | Queue | Villager (Male) |
| 3:37 | Build | House |
| 3:54 | Queue | Villager (Male) |
| 4:14 | Queue | Villager (Male) |
| 4:14 | Queue | Villager (Male) |
| 4:31 | Build | Mill |
| 4:33 | Queue | Villager (Male) |
| 5:06 | Queue | Villager (Male) |
| 5:19 | Queue | Villager (Male) |
| 5:34 | Queue | Villager (Male) |
| 5:41 | Queue | Villager (Male) |
| 5:45 | Build | House |
| 5:57 | Queue | Villager (Male) |
| 6:30 | Queue | Villager (Male) |
| 6:53 | Queue | Villager (Male) |
| 7:46 | Build | Farm |
| 7:50 | Build | Farm |
| 7:57 | Queue | Villager (Male) |
| 8:14 | Research | Feudal Age |
| 8:23 | Build | Farm |
| 8:32 | Build | Mining Camp |
| 9:02 | Queue | Villager (Male) |
| 9:16 | Build | Barracks |
| 9:18 | Build | House |
| 10:44 | Age | Feudal Age |
| 10:49 | Build | Stable |
| 10:51 | Queue | Villager (Male) |
| 11:03 | Build | Blacksmith |
| 11:18 | Queue | Villager (Male) |
| 11:26 | Queue | Villager (Male) |
| 11:40 | Build | House |
| 11:58 | Queue | Villager (Male) |
| 12:07 | Build | Farm |
| 12:26 | Queue | Villager (Male) |
| 12:30 | Research | Castle Age |
| 12:58 | Build | Mill |
| 13:02 | Build | Lumber Camp |
| 13:18 | Build | House |
| 13:56 | Research | Bloodlines |
| 14:03 | Research | Scale Barding Armor |
| 14:14 | Build | Farm |
| 14:23 | Research | Double-Bit Axe |
| 14:47 | Build | Farm |
| 14:49 | Build | Farm |
| 14:50 | Build | Farm |
| 14:55 | Queue | Villager (Male) |
| 15:03 | Age | Castle Age |
| 15:29 | Queue | Villager (Male) |
| 15:38 | Build | Farm |
| 15:42 | Queue | Knight |
| 15:48 | Research | Horse Collar |
| 15:51 | Queue | Villager (Male) |
| 15:53 | Build | Farm |
| 16:30 | Build | Farm |
| 16:31 | Queue | Villager (Male) |
| 16:35 | Queue | Knight |
| 16:39 | Research | Forging |
| 16:57 | Queue | Villager (Male) |
| 17:07 | Build | Town Center |
| 17:11 | Build | Farm |
| 17:18 | Queue | Villager (Male) |
| 17:38 | Build | House |
| 17:40 | Build | House |
| 17:44 | Queue | Villager (Male) |
| 17:47 | Queue | Knight |
| 18:27 | Queue | Knight |
| 18:42 | Build | Farm |
| 18:45 | Build | Farm |
| 18:46 | Queue | Villager (Male) |
| 18:47 | Queue | Villager (Male) |
| 18:56 | Queue | Villager (Male) |
| 18:56 | Queue | Villager (Male) |
| 18:59 | Build | Farm |
| 19:03 | Build | Farm |
| 19:04 | Queue | Villager (Male) |
| 19:04 | Queue | Villager (Male) |
| 19:32 | Research | Wheelbarrow |
| 19:47 | Build | Farm |
| 19:48 | Queue | Villager (Male) |
| 19:48 | Queue | Villager (Male) |
| 20:03 | Queue | Knight |
| 20:35 | Queue | Knight |
| 20:36 | Research | Husbandry |
| 21:09 | Build | Stable |
| 21:13 | Build | Stable |
| 21:19 | Queue | Villager (Male) |
| 21:20 | Queue | Villager (Male) |
| 21:21 | Queue | Villager (Male) |
| 21:21 | Queue | Villager (Male) |
| 21:29 | Build | House |
| 21:31 | Build | House |
| 21:40 | Build | Farm |
| 21:44 | Build | Farm |
| 21:54 | Build | Farm |
| 21:56 | Build | Farm |
| 21:57 | Queue | Villager (Male) |
| 21:59 | Queue | Villager (Male) |
| 22:03 | Queue | Knight |
| 22:44 | Build | Farm |
| 22:52 | Queue | Knight |
| 22:52 | Queue | Knight |
| 22:55 | Research | Chain Barding Armor |
| 23:10 | Queue | Knight |
| 23:11 | Queue | Knight |
| 23:37 | Build | House |
| 23:38 | Build | House |
| 23:40 | Build | House |
| 23:42 | Research | Iron Casting |
| 23:47 | Queue | Knight |
| 23:52 | Queue | Knight |
| 23:53 | Queue | Knight |
| 24:09 | Build | House |
| 24:37 | Queue | Knight |
| 24:38 | Queue | Knight |
| 24:38 | Queue | Knight |
| 24:40 | Queue | Knight |
| 24:41 | Queue | Knight |
| 24:41 | Queue | Knight |
| 25:25 | Queue | Knight |
| 25:25 | Queue | Knight |
| 25:25 | Queue | Knight |
| 25:44 | Build | House |
| 25:46 | Build | House |
| 26:05 | Queue | Knight |
| 26:05 | Queue | Knight |
| 26:05 | Queue | Knight |
| 26:37 | Research | Hand Cart |
| 26:51 | Queue | Knight |
| 26:51 | Queue | Knight |
| 26:51 | Queue | Knight |
| 27:13 | Queue | Knight |
| 27:13 | Queue | Knight |
| 27:53 | Build | Town Center |
| 28:05 | Queue | Villager (Male) |
| 28:06 | Queue | Villager (Male) |
| 28:06 | Queue | Villager (Male) |
| 28:06 | Queue | Villager (Male) |
| 28:11 | Queue | Knight |
| 28:11 | Queue | Knight |
Match timeline
| 7:34 | PJtheDcoy · first_building Barracks |
| 8:04 | Maji · first_building Barracks |
| 9:16 | Fr4ggi · first_building Barracks |
| 9:19 | Maji · age_up feudal |
| 9:25 | Maji · first_building Stable |
| 9:29 | Dr. Delta · age_up feudal |
| 9:37 | Quando · wall_segment Palisade Wall x4 |
| 9:41 | Der Genosse · age_up feudal |
| 9:41 | Quando · wall_segment Palisade Wall x5 |
| 10:19 | PJtheDcoy · age_up feudal |
| 10:25 | Der Genosse · wall_segment Palisade Wall x1 |
| 10:31 | PJtheDcoy · first_building Archery Range |
| 10:33 | Der Genosse · wall_segment Palisade Wall x1 |
| 10:40 | Dr. Delta · first_building Siege Workshop |
| 10:44 | Fr4ggi · age_up feudal |
| 10:49 | Fr4ggi · first_building Stable |
| 10:59 | Quando · age_up feudal |
| 11:19 | Quando · wall_segment Palisade Wall x1 |
| 11:22 | Quando · wall_segment Palisade Wall x1 |
| 11:23 | Quando · wall_segment Palisade Wall x1 |
| 11:24 | Quando · wall_segment Palisade Wall x1 |
| 11:30 | Wendysocute · age_up feudal |
| 12:04 | Relief · age_up feudal |
| 12:40 | Quando · wall_segment Stone Wall x2 |
| 12:52 | Quando · wall_segment Stone Wall x1 |
| 12:54 | Quando · wall_segment Stone Wall x1 |
| 13:54 | Der Genosse · first_building Siege Workshop |
| 14:20 | Quando · first_market_buy 100 food |
| 15:02 | Wendysocute · age_up castle |
| 15:03 | Fr4ggi · age_up castle |
| 15:40 | Relief · age_up castle |
| 15:52 | Quando · wall_segment Palisade Wall x1 |
| 15:56 | Quando · wall_segment Palisade Wall x1 |
| 16:00 | Quando · wall_segment Palisade Wall x1 |
| 16:50 | Relief · first_building Castle |
| 17:30 | Quando · first_building Barracks |
| 18:29 | PJtheDcoy · wall_segment Palisade Wall x1 |
| 18:36 | PJtheDcoy · wall_segment Palisade Wall x5 |
| 18:40 | PJtheDcoy · wall_segment Palisade Wall x3 |
| 18:49 | Quando · age_up castle |
| 18:52 | Quando · first_building Siege Workshop |
| 19:46 | Relief · first_building Barracks |
| 19:58 | Relief · first_building Monastery |
| 20:02 | Wendysocute · first_building Monastery |
| 20:34 | Maji · age_up castle |
| 21:23 | Quando · first_market_sell 100 wood |
| 22:06 | Relief · first_building Siege Workshop |
| 24:42 | Wendysocute · first_building Barracks |
| 25:58 | Wendysocute · first_building Stable |
| 26:29 | Wendysocute · first_building Castle |
| 27:34 | Wendysocute · age_up imperial |
| 27:45 | Quando · first_building Archery Range |
| 29:14 | Relief · first_building Stable |
| 29:30 | Fr4ggi · first_building Siege Workshop |
| 29:44 | Quando · first_building Monastery |
| 30:19 | Wendysocute · first_market_sell 100 food |
| 30:36 | PJtheDcoy · age_up castle |
| 30:46 | Wendysocute · wall_segment Stone Wall x11 |
| 31:40 | Wendysocute · first_building Siege Workshop |
| 33:11 | Quando · resign |
[ AI ANALYSIS · 1 CREDIT ]
What really happened in this match?
Wolo.gg analyzes every decision: build order, eco, micro, common mistakes by bracket. Personalized analysis on WhatsApp or Discord in 30 seconds.
Civ guide
Burgundians
Perfil
Jugador #2141671